 Dungeon Crawl Stone Soup version 0.18-b1-18-g7758cf2 (webtiles) character file.

9382 Chiseanne the Destroyer (level 11, 0/68 HPs)
             Began as a Demonspawn Wizard on May 2, 2016.
             Was an Elder of Vehumet.
             Slain by a hornet (shapeshifter) (13 damage)
             ... on level 10 of the Dungeon.
             The game lasted 00:38:53 (10969 turns).

Chiseanne the Destroyer (Demonspawn Wizard)        Turns: 10969, Time: 00:38:54

Health: 0/68       AC: 14    Str: 12    XL:     11   Next: 22%
Magic:  22/25      EV: 12    Int: 28    God:    Vehumet [****..]
Gold:   153        SH:  9    Dex: 15    Spells: 9 memorised, 3 levels left

rFire  . . .     SeeInvis .     X - +2 hand axe (elec)
rCold  . . .     Gourm    .     U - +0 troll leather armour
rNeg   . . .     Faith    .     n - +1 buckler
rPois  .         Spirit   .     b - +0 hat
rElec  .         Dismiss  .     x - +2 cloak {+Inv}
rCorr  .         Reflect  .     L - +0 pair of gloves of the Hanged Man {Dex+4} (curse)
SustAt .         Harm     .     h - +1 pair of boots
MR     .....                    E - amulet of regeneration
Stlth  ++........               j - +5 ring of strength
                                y - +4 ring of intelligence

@: very slightly contaminated, repel missiles, not resistant to hostile
enchantments, unstealthy
A: antennae 2, large bone plates 2, regeneration 1, spiny 3
a: Renounce Religion, Evoke Invisibility


You were on level 10 of the Dungeon.
You worshipped Vehumet.
Vehumet was greatly pleased with you.
You were not hungry.

You visited 2 branches of the dungeon, and saw 11 of its levels.
You also visited: Sewer and Bailey.

You collected 711 gold pieces.
You spent 558 gold pieces at shops.

Inventory:

Hand Weapons
 a - a +3 falchion of protection
 s - the +7 spear of Nonen {pierce, +Inv rPois rF-}
   (You found it on level 7 of the Dungeon)

   It inflicts extra damage upon your enemies.
   It makes you vulnerable to fire.
   It protects you from poison.
   It lets you turn invisible.
 w - a +0 blowgun
 S - a +2 long sword of flaming
 X - a +2 hand axe of electrocution (weapon)
Missiles
 N - 23 poisoned needles
 P - 4 curare-tipped needles
Armour
 b - a +0 hat (worn)
 f - the +2 pair of gloves "Uradduq" {rC+ Str+6, unknown}
   (You acquired it on level 9 of the Dungeon)

   It affects your strength (+6).
   It protects you from cold.
 h - a +1 pair of boots (worn)
 n - a +1 buckler (worn)
 x - a +2 cloak of invisibility (worn)
 K - a cursed +0 pair of gloves
 L - the cursed +0 pair of gloves of the Hanged Man (worn) {Dex+4}
   (You found it on level 5 of the Dungeon)

   It affects your dexterity (+4).
   It has a curse placed upon it.
 R - a +0 robe of fire resistance
 U - a +0 troll leather armour (worn)
Magical Staves
 C - an uncursed staff of poison
Jewellery
 j - a +5 ring of strength (right hand)
 y - a +4 ring of intelligence (left hand)
 E - an amulet of regeneration (around neck)
 Q - an uncursed amulet of rage
 W - a cursed ring of teleportation {unknown}
 Z - a cursed -2 ring of evasion {unknown}
Wands
 i - a wand of confusion (11/48)
Scrolls
 e - 2 scrolls of fear
 q - 2 scrolls of remove curse
 r - a scroll of recharging
 t - 4 scrolls of teleportation
 B - 2 scrolls of blinking
 I - 4 scrolls of amnesia
Potions
 l - a potion of curing
 m - 2 potions of cancellation
 v - 2 potions of cure mutation
 z - a potion of heal wounds
 A - 4 potions of flight
 F - 2 potions of agility
 G - 4 potions of haste
 J - a potion of mutation
 O - a potion of might
 T - a potion of lignification
 V - 2 potions of invisibility
 Y - 2 potions of magic
Books
 c - a book of Minor Magic

   Spells                             Type                      Level
   a - Magic Dart                     Conjuration                  1
   b - Blink                          Translocation                2
   c - Call Imp                       Summoning                    2
   d - Repel Missiles                 Charms/Air                   2
   e - Slow                           Hexes                        2
   f - Conjure Flame                  Conjuration/Fire             3
   g - Mephitic Cloud                 Conjuration/Poison/Air       3
 M - a book of the Tempests

   Spells                             Type                      Level
   a - Static Discharge               Conjuration/Air              3
   b - Lightning Bolt                 Conjuration/Air              5
   c - Fireball                       Conjuration/Fire             5
   d - Tornado                        Air                          9
   e - Shatter                        Earth                        9
Comestibles
 d - 15 bread rations
 g - a slice of pizza
 o - a beef jerky
 u - 6 meat rations


   Skills:
 - Level 5.1 Armour
 - Level 1.7 Dodging
 - Level 1.7 Stealth
 - Level 4.1 Shields
 * Level 10.7 Spellcasting
 * Level 11.2 Conjurations
   Level 1.0 Summonings
 - Level 0.8 Translocations


You had 3 spell levels left.
You knew the following spells:

 Your Spells              Type           Power        Failure   Level  Hunger
a - Magic Dart            Conj           ####         1%          1    None
b - Force Lance           Conj/Tloc      #####...     1%          4    None
c - Lightning Bolt        Conj/Air       #####.....   4%          5    ###....
d - Mephitic Cloud        Conj/Pois/Air  #####...     1%          3    None
e - Fireball              Conj/Fire      #####.....   4%          5    ###....
f - Static Discharge      Conj/Air       #####...     1%          3    None
g - Conjure Flame         Conj/Fire      #####...     1%          3    None
h - Repel Missiles        Chrm/Air       ###...       10%         2    None
i - Blink                 Tloc           N/A          6%          2    None


Dungeon Overview and Level Annotations

Branches:
Dungeon (10/15)            Temple (1/1) D:7            Lair (0/8) D:8
    Orc (0/2) D:9

Altars:
Ashenzari
Cheibriados
Dithmenos
Elyvilon
Fedhas
Gozag
Kikubaaqudgha
Makhleb
Nemelex Xobeh
Okawaru
Pakellas
Qazlal
Ru
Sif Muna
Trog
Vehumet
Xom
Yredelemnul
Zin
The Shining One

Shops:
D:5 !   D:7 *


Innate Abilities, Weirdness & Mutations

You have a pair of antennae on your head.
You are mostly covered in large bone plates (AC +3, SH +3).
You are completely covered in sharp spines.
Your natural rate of healing is unusually fast.


Message History

Unknown command.
Casting: Force Lance
Confirm with . or Enter, or press ? or * to list all spells.
You miscast Blink.
You are very lightly contaminated with residual magic.
Strange energies run through your body.
* * * LOW HITPOINT WARNING * * *
You feel very sick. The hornet barely misses you. x2
Casting: Blink
Confirm with . or Enter, or press ? or * to list all spells.
You blink.
A black bear comes into view.
* * * LOW HITPOINT WARNING * * *
You feel very sick.
Drink which item? (? for menu, Esc to quit)
You feel better.
You feel yourself speed up. The hornet is struck by your spines.
The hornet stings you!
You die...

### ##..#..###.# #
##>. ..........#.#
.#.# #..#.#......#
.#.# #..#.#†.....# #
.#.#
#..#.#......####.#
.#.####..#.#....#.....
.#..................
........##.#...y#.##
...........#....@.#
........##.#.##...#
###.###.##.#.#.....#
....# ...........#...
###.# ####.#.#...#..##
# #.# #.......<..# #
#.# ###.#.#.. .h # #.
....#.# #..


You could see a hornet and a black bear (sleeping).

Vanquished Creatures
  An orc warlord (Bailey)
  The ghost of dwasdwasdwas the Nimble, a novice OgFi of Okawaru (D:9)
  The ghost of Zleub the Shield-Bearer, a novice HuFi (Bailey)
  An orc knight (Bailey)
  An elephant (D:8)
  The ghost of HaroldButt the Grappler, a novice VSMo (D:6)
  Grinder (D:6)
  A spriggan (D:7)
  A hill giant zombie (D:9)
  A yak (D:8)
  A hippogriff (D:10)
  The ghost of dwasdwasdwas the Ducker, an amateur DsGl of Qazlal (Sewer)
  Menkaure (D:6)
  2 hungry ghosts
  A warg (D:9)
  2 water moccasins
  3 orc warriors
  3 sky beasts
  An ice beast (D:5)
  6 ogres
  2 black bears
  5 phantoms
  2 crocodiles (D:8)
  A centaur (D:5)
  A big kobold (D:9)
  6 giant frogs
  A wyvern zombie (D:8)
  A troll zombie (D:9)
  A scorpion (D:9)
  4 wights (D:6)
  A howler monkey (D:8)
  2 quasits
  5 hounds
  A jelly (D:5)
  5 orc wizards
  4 orc priests
  A gnoll shaman (D:6)
  Crazy Yiuf (D:3)
  2 giant frog skeletons
  Ijyb (D:3)
  Terence (D:3)
  4 iguanas
  5 worker ants
  6 ogre zombies (D:9)
  2 hound zombies (D:5)
  2 hound skeletons (D:5)
  13 gnolls
  10 adders
  2 shadow imps
  3 adder zombies
  2 adder skeletons
  3 worms
  5 dart slugs
  6 giant geckos
  21 orcs
  8 bats
  8 giant cockroaches
  6 goblins
  6 hobgoblins
  21 jackals
  37 kobolds
  2 quokkas
  8 ball pythons
  A giant gecko skeleton (D:4)
  9 giant newts
  5 goblin skeletons
  5 goblin zombies
  2 hobgoblin skeletons (D:9)
  4 hobgoblin zombies
  A kobold skeleton (D:7)
  3 orc skeletons (D:9)
  14 orc zombies
  A quokka skeleton (D:7)
  2 quokka zombies
  9 rats
  A plant (Sewer)
316 creatures vanquished.

Vanquished Creatures (others)
  A lightning spire (D:8)
  A bush (D:8)
  A plant (Sewer)
3 creatures vanquished.

Grand Total: 319 creatures vanquished

Notes
Turn   | Place    | Note
--------------------------------------------------------------
     0 | D:1      | Chiseanne the Demonspawn Wizard began the quest for the Orb.
     0 | D:1      | Reached XP level 1. HP: 13/13 MP: 4/4
   235 | D:1      | Gained mutation: You are partially covered in large bone plates (AC +2, SH +2). [demonic ancestry]
   235 | D:1      | Reached XP level 2. HP: 2/19 MP: 1/6
  1174 | D:1      | Reached skill level 1 in Shields
  1321 | D:2      | Reached XP level 3. HP: 24/24 MP: 7/7
  2255 | D:3      | Noticed Terence
  2274 | D:3      | Killed Terence
  2274 | D:3      | Gained mutation: You are partially covered in sharp spines. [demonic ancestry]
  2274 | D:3      | Reached XP level 4. HP: 21/30 MP: 1/9
  2517 | D:3      | Reached XP level 5. HP: 9/35 MP: 6/10
  2764 | D:3      | Learned a level 2 spell: Blink
  2767 | D:3      | Learned a level 2 spell: Repel Missiles
  2771 | D:3      | Learned a level 3 spell: Mephitic Cloud
  2771 | D:3      | Noticed Crazy Yiuf
  2789 | D:3      | Killed Crazy Yiuf
  3272 | D:3      | Noticed Ijyb
  3290 | D:3      | Killed Ijyb
  3290 | D:3      | Reached skill level 2 in Conjurations
  3565 | D:4      | Found a blossoming altar of Fedhas.
  3574 | D:4      | Reached skill level 1 in Armour
  3574 | D:4      | Gained mutation: You are mostly covered in large bone plates (AC +3, SH +3). [demonic ancestry]
  3574 | D:4      | Reached XP level 6. HP: 32/41 MP: 11/11
  3678 | D:4      | Noticed a water moccasin
  3685 | D:4      | Killed a water moccasin
  3685 | D:4      | Reached skill level 3 in Conjurations
  4045 | D:4      | Found an iron altar of Okawaru.
  4300 | D:4      | Gained mutation: You have a pair of small antennae on your head. [demonic ancestry]
  4300 | D:4      | Reached XP level 7. HP: 46/46 MP: 7/13
  4488 | D:5      | Entered Level 5 of the Dungeon
  4612 | D:5      | Found Rikhupha's Distillery.
  4819 | D:5      | Found a bloodstained altar of Trog.
  4830 | D:5      | Reached skill level 4 in Conjurations
  4845 | D:5      | Found a sacrificial altar of Ru.
  4876 | D:5      | Reached skill level 5 in Spellcasting
  4904 | D:5      | Bought 2 potions of haste for 240 gold pieces
  4904 | D:5      | Bought a potion of heal wounds for 60 gold pieces
  4904 | D:5      | Bought a potion of mutation for 30 gold pieces
  5033 | D:5      | Got a pair of faintly glowing gloves
  5065 | D:5      | Identified the cursed +0 pair of gloves of the Hanged Man {Dex+4} (You found it on level 5 of the Dungeon)
  5174 | D:5      | Found a basalt altar of Yredelemnul.
  5223 | D:5      | Found a shattered altar of Ashenzari.
  5286 | D:6      | Noticed Menkaure
  5298 | D:6      | Killed Menkaure
  5298 | D:6      | Reached XP level 8. HP: 37/52 MP: 13/16
  5331 | D:6      | Noticed HaroldButt's ghost (novice VSMo)
  5350 | D:6      | Found a glowing drain.
  5358 | Sewer    | Entered a sewer
  5546 | Sewer    | Noticed dwasdwasdwas's ghost (amateur DsGl)
  5583 | Sewer    | Killed dwasdwasdwas's ghost
  5583 | Sewer    | Reached skill level 5 in Conjurations
  6095 | D:6      | Killed HaroldButt's ghost
  6334 | D:7      | Found Hidiy's Elemental Accessories.
  6340 | D:7      | Reached skill level 5 in Armour
  6400 | D:7      | Reached skill level 6 in Conjurations
  6427 | D:7      | Found a staircase to the Ecumenical Temple.
  6447 | Temple   | Entered the Ecumenical Temple
  6514 | Temple   | Became a worshipper of Vehumet
  6620 | D:7      | Found a flagged portal.
  6629 | Bailey   | Entered a bailey
  6664 | Bailey   | Gained mutation: You are mostly covered in sharp spines. [demonic ancestry]
  6664 | Bailey   | Reached XP level 9. HP: 46/57 MP: 7/19
  6783 | Bailey   | Noticed an orc warlord
  6796 | Bailey   | Noticed Zleub's ghost (novice HuFi)
  6850 | Bailey   | Killed Zleub's ghost
  6850 | Bailey   | Reached skill level 7 in Conjurations
  6857 | Bailey   | Learned a level 3 spell: Conjure Flame
  6861 | Bailey   | Learned a level 3 spell: Static Discharge
  6867 | Bailey   | Learned a level 5 spell: Fireball
  7095 | Bailey   | Found a runed gate.
  7096 | Bailey   | Found a runed gate.
  7109 | Bailey   | Found a runed gate.
  7111 | Bailey   | Noticed an orc knight
  7137 | Bailey   | Killed an orc knight
  7312 | Bailey   | Reached * piety under Vehumet
  7312 | Bailey   | Offered knowledge of Freeze by Vehumet.
  7512 | Bailey   | Killed an orc warlord
  7512 | Bailey   | Reached skill level 8 in Conjurations
  7512 | Bailey   | Gained mutation: You are completely covered in sharp spines. [demonic ancestry]
  7512 | Bailey   | Reached XP level 10. HP: 63/63 MP: 16/22
  7686 | D:7      | Found a glowing silver altar of Zin.
  7739 | D:7      | Reached skill level 9 in Conjurations
  7788 | D:7      | Found a glowing golden altar of the Shining One.
  7910 | D:7      | Got an iridescent spear
  8184 | D:8      | Identified the +7 spear of Nonen {pierce, +Inv rPois rF-} (You found it on level 7 of the Dungeon)
  8302 | D:8      | Found an ancient bone altar of Kikubaaqudgha.
  8435 | D:6      | Offered knowledge of Sting by Vehumet.
  8463 | D:6      | Reached ** piety under Vehumet
  8602 | D:6      | Noticed Grinder
  8605 | D:6      | Paralysed by Grinder for 6 turns
  8611 | D:6      | Killed Grinder
  8611 | D:6      | Reached skill level 10 in Conjurations
  9114 | D:6      | Found a bloodstained altar of Trog.
  9401 | D:5      | Bought a potion of invisibility for 96 gold pieces
  9401 | D:5      | Bought a potion of cancellation for 96 gold pieces
  9401 | D:5      | Bought a potion of flight for 36 gold pieces
  9603 | D:8      | Found a snail-covered altar of Cheibriados.
  9654 | D:8      | Offered knowledge of Ignite Poison by Vehumet.
  9721 | D:8      | Found a staircase to the Lair.
  9725 | D:8      | Noticed an elephant
  9725 | D:8      | Reached skill level 10 in Spellcasting
  9736 | D:8      | Killed an elephant
  9736 | D:8      | Reached *** piety under Vehumet
  9910 | D:8      | Found an oddly glowing altar of Pakellas.
  9911 | D:8      | Noticed a gargoyle
 10044 | D:8      | Learned a level 5 spell: Lightning Bolt
 10062 | D:9      | Noticed dwasdwasdwas's ghost (novice OgFi)
 10086 | D:9      | Killed dwasdwasdwas's ghost
 10086 | D:9      | Gained mutation: You have a pair of antennae on your head. [demonic ancestry]
 10086 | D:9      | Reached XP level 11. HP: 29/68 MP: 25/25
 10087 | D:9      | Found a burning altar of Makhleb.
 10087 | D:9      | Noticed a cacodemon
 10266 | D:9      | Offered knowledge of Inner Flame by Vehumet.
 10293 | D:9      | Identified a scroll of acquirement
 10294 | D:9      | Got a pair of dazzling gloves
 10449 | D:9      | Reached skill level 11 in Conjurations
 10464 | D:9      | Found a staircase to the Orcish Mines.
 10476 | D:9      | Reached **** piety under Vehumet
 10491 | D:9      | Offered knowledge of Force Lance by Vehumet.
 10521 | D:9      | Learned a level 4 spell: Force Lance
 10824 | D:9      | Gained mutation: Your natural rate of healing is unusually fast. [potion of beneficial mutation]
 10874 | D:10     | Entered Level 10 of the Dungeon
 10968 | D:10     | HP: 1/68 [poisoned by a hornet]
 10969 | D:10     | Slain by a hornet (shapeshifter)

Skill      XL: |  1  2  3  4  5  6  7  8  9 10 11 |
---------------+----------------------------------+-----
Shields        | 1 2 3 4 |  4.1
Conjurations   | 2 3 4 6 8 10 11 | 11.2
Armour         | 1 2 3 5 |  5.1
Spellcasting   | 4 5 6 8 10 | 10.7
Dodging        | |  1.7
Stealth        | |  1.7
Summonings     | |  1.0
Translocations | |  0.8

Action                   |  1- 3 |  4- 6 |  7- 9 | 10-12 || total
-------------------------+-------+-------+-------+-------++-------
Melee: Dagger            |    37 |       |       |       ||    37
       Hand axe          |    51 |    77 |       |   126 ||   254
       Short sword       |       |     7 |   364 |       ||   371
       Falchion          |       |       |       |   169 ||   169
 Cast: Magic Dart        |    70 |    33 |    90 |    54 ||   247
       Mephitic Cloud    |       |     1 |    10 |     4 ||    15
       Blink             |       |     1 |     4 |     1 ||     6
       Repel Missiles    |       |       |     2 |     1 ||     3
       Conjure Flame     |       |       |     3 |     1 ||     4
Evoke: Wand              |       |       |     3 |       ||     3
  Use: Potion            |     1 |       |     7 |     2 ||    10
       Scroll            |     7 |     7 |    11 |     4 ||    29
 Stab: Sleeping          |     2 |     2 |     4 |     3 ||    11
       Confused          |       |       |       |     2 ||     2
       Distracted        |       |       |       |     1 ||     1
  Eat: Beef jerky        |     1 |       |       |     2 ||     3
       Chunk             |     3 |     5 |    11 |    10 ||    29
       Pizza             |       |       |     1 |     1 ||     2
Armor: Skin              |     9 |       |       |       ||     9
       Leather armour    |    31 |    18 |   107 |    44 ||   200
       Troll leather arm |       |       |       |    87 ||    87
Dodge: Dodged            |    45 |    41 |   100 |   135 ||   321
       Deflected         |       |       |     2 |     1 ||     3
Block: Buckler           |    20 |    31 |   105 |   134 ||   290
       Other             |     1 |       |       |       ||     1
